Cogmind - Beta 14 @@@ ROGUE MODE // 2024.09.22 @ 16:27:36 Player: JohnnyDongs Result: Destroyed by 37-6YS(j) with Overtuned Pulse Rifle Performance ------------- Evolutions (0) 0 Regions Visited (5) 1000 Robots Destroyed (64) 320 Value Destroyed (1432) 1432 Prototype IDs (15) 300 Alien Tech Used (0) 0 Bonus (300) 300 TOTAL SCORE: 3352 Bonus ------- Registered with UFD 300 Cogmind --------- Core Integrity 0/250 Matter 144/300 Energy 265/265 System Corruption 0% Temperature Hot (217) Movement Treading (240) Ox5 Location -8/Scraptown Parts ------- > --- POWER (1) -------- Improved Ion Engine > --- PROPULSION (2) --- Overtuned Treads Overtuned Treads > --- UTILITY (2) ------ Huge Storage Unit Makeshift Light Armor Plating > --- WEAPON (2) ------- Autogun Autogun > --- INVENTORY (25) --- Light Treads Light Treads High-capacity Matter Pod (200) Experimental Terrain Scanner Advanced Targeting Computer Heavy Armor Plating Hardlight Generator Shield Generator Hacking Suite Hacking Suite System Shield Makeshift System Shield Autogun Autogun Autogun Subdweller Machine Gun Overtuned Barrage Gun Flak Cannon Subdweller Shrapnel Launcher CPS Tube (2) CPS Tube (2) Multitool Thermal Lance Vortex Trap Peak State ------------ > --- POWER ------------ Improved Ion Engine > --- PROPULSION ------- Overtuned Treads Overtuned Treads > --- UTILITY ---------- Huge Storage Unit Makeshift Light Armor Plating > --- WEAPON ----------- Autogun Thermal Lance > --- INVENTORY -------- Light Treads Light Treads High-capacity Matter Pod Experimental Terrain Scanner Advanced Targeting Computer Heavy Armor Plating Hardlight Generator Shield Generator Hacking Suite Hacking Suite System Shield Makeshift System Shield Autogun Autogun Autogun Autogun Subdweller Machine Gun Overtuned Barrage Gun Flak Cannon Subdweller Shrapnel Launcher CPS Tube CPS Tube Multitool Vortex Trap [Rating: 31] Favorites ----------- Power Light Ion Engine Engine Light Ion Engine Propulsion Spiked Treads Treads Spiked Treads Utility Huge Storage Unit Device Experimental Terrain Scanner Storage Huge Storage Unit Processor Signal Interpreter Protection Medium Armor Plating Weapon Autogun Energy Gun Subdweller Laser Energy Cannon Subdweller Beam Cannon Ballistic Gun Autogun Ballistic Cannon Flak Cannon Launcher Subdweller Shrapnel Launcher Piercing Weapon Thermal Lance Build | -11 -10 -10 -10 -8 -8 ------- Run | Yrd Mat Min Sub Rec Scr Slots Evolved . | . . . . . . Power . | . . . . . . Propulsion . | . . . . . . Utility . | . . . . . . Weapon . | . . . . . . Parts Attached 81 | 5 24 3 30 3 16 Power 7 | . 3 . 3 . 1 Engine 7 | . 3 . 3 . 1 Core . | . . . . . . Reactor . | . . . . . . Propulsion 16 | 2 2 2 5 . 5 Treads 16 | 2 2 2 5 . 5 Leg . | . . . . . . Wheel . | . . . . . . Hover . | . . . . . . Flight . | . . . . . . Utility 26 | 1 14 1 4 2 4 Device 6 | . 4 . 1 . 1 Storage 4 | 1 3 . . . . Processor 3 | . 1 . . 1 1 Hackware . | . . . . . . Protection 13 | . 6 1 3 1 2 Artifact . | . . . . . . Weapon 32 | 2 5 . 18 1 6 Energy Gun 1 | . . . 1 . . Energy Cannon 6 | . . . 4 1 1 Ballistic Gun 22 | 2 5 . 11 . 4 Ballistic Cannon 1 | . . . 1 . . Launcher 1 | . . . 1 . . Special Weapon . | . . . . . . Impact Weapon . | . . . . . . Slashing Weapon . | . . . . . . Piercing Weapon 1 | . . . . . 1 Special Melee Weapon . | . . . . . . Unidentified Prototypes 1 | . . . 1 . . Parts Lost 6 | . . . 5 1 . Power 1 | . . . 1 . . Propulsion 1 | . . . 1 . . Utility 3 | . . . 2 1 . Weapon 1 | . . . 1 . . Highest Loss Streak 2 | . . . 2 1 . To Critical Strikes . | . . . . . . Average Slot Usage (%) 96 | . 98 100 99 100 90 Engine 13 | . 13 14 13 14 14 Treads 27 | . 27 28 28 28 28 Device 1 | . . . . . 2 Storage 14 | . 14 14 14 14 14 Processor 6 | . 2 14 . . 10 Protection 6 | . 10 . 13 14 . Ballistic Gun 23 | . 27 28 25 25 19 Peak Build Rating 31 | 5 13 14 22 17 31 Average Rating 16 | 4 11 13 16 16 18 On Entrance 10 | . 5 12 14 17 16 Naked Turns . | . . . . . . Heaviest Build 104 | 7 94 98 104 102 102 Greatest Support 42 | 40 40 40 40 40 42 Greatest Overweight (x) 5 | . 2 2 2 2 5 Average Overweight (x) 1 | . 1 2 2 2 1 Largest Inventory Capacity 25 | 8 25 25 25 25 25 Average Capacity 24 | 7 21 25 25 25 25 Most Carried 25 | 7 23 25 25 23 25 Average Carried 22 | 4 17 24 24 22 24 Final Capacity 25 | 8 25 25 25 25 25 Final Carried 25 | 7 23 24 23 22 25 Class Distribution -------------------- 79% | Mutant 17% | Derelict-Mutant 3% | Scavenger-Mutant Dominant Class ---------------- Mutant | -10/Materials Mutant | -10/Mines Mutant | -10/Subcaves Derelict-Mutant | -8/Recycling Mutant | -8/Scraptown Resources | -11 -10 -10 -10 -8 -8 ----------- Run | Yrd Mat Min Sub Rec Scr Matter Collected 2130 | 280 774 83 521 142 330 Remotely . | . . . . . . Salvage Created 1880 | 215 920 75 442 142 86 Parts 142 | 18 66 6 34 10 8 Haulers Intercepted 2 | . 2 . . . . Recyclers Shooed 1 | 1 . . . . . Parts Field Recycled . | . . . . . . Retrieved Matter . | . . . . . . Parts Self-Destructed 8 | . . . 8 . . Prevented . | . . . . . . Kills | -11 -10 -10 -10 -8 -8 ------- Run | Yrd Mat Min Sub Rec Scr Combat Hostiles Destroyed 41 | . 19 3 15 3 1 Guns 40 | . 19 3 14 3 1 Cannons 1 | . . . 1 . . Classes Destroyed 15 | 3 7 . 3 . 2 Worker 4 | 1 3 . . . . Builder 2 | . 1 . . 1 . Tunneler 7 | 5 2 . . . . Hauler 2 | . 2 . . . . Recycler 1 | 1 . . . . . Mechanic 1 | . 1 . . . . Operator 2 | . 2 . . . . Turret 2 | . . . 2 . . Watcher 2 | . 2 . . . . Swarmer 13 | . 6 1 6 . . Grunt 15 | . 13 2 . . . Sentry 4 | . . . 1 3 . Subdweller 8 | . . . 8 . . Scientist 1 | . . . . . 1 Elite 1 | . . . . . 1 Best Kill Streak 6 | 4 4 2 6 1 1 Combat Bots Only 4 | . 3 2 4 1 1 Max Kills in Single Turn 2 | 1 2 1 1 1 1 Gunslinging 1 | . 1 . . . . Exploded . | . . . . . . Melee . | . . . . . . Uniques/NPCs Destroyed . | . . . . . . Combat | -11 -10 -10 -10 -8 -8 -------- Run | Yrd Mat Min Sub Rec Scr Hostile Shots Fired 200 | . 80 11 68 20 21 Missed 47 | . 19 1 15 8 4 Damage Taken 2232 | . 663 97 956 176 340 Core 254 | . 79 12 93 32 38 Absorbed by Shields . | . . . . . . Regen/Repaired (Parts) 197 | . 197 . . . . Core Remaining (%) 100 | 100 . . . . . Volleys Fired 216 | 15 73 8 77 20 23 Largest 2 | 2 2 2 2 2 2 Hottest 85 | 40 46 46 80 80 85 Shots Fired 379 | 30 146 16 119 32 36 Gun 335 | 30 146 16 90 24 29 Cannon 40 | . . . 25 8 7 Launcher 4 | . . . 4 . . Special . | . . . . . . Kinetic 338 | 30 146 16 93 24 29 Thermal 41 | . . . 26 8 7 Explosive . | . . . . . . Electromagnetic . | . . . . . . Robot Hit Streak 21 | 11 21 5 12 16 19 Robot Miss Streak 4 | 1 2 2 4 2 4 Penetration Max . | . . . . . . Secondary Targets 5 | . 2 . 3 . . Max Gunslinging Chain 1 | . 1 . 1 . . Shots Hit Robots 234 | 24 100 10 62 22 16 Core Hits 95 | 12 38 5 30 6 4 Critical Kills 2 | . . . 1 1 . Critical Parts Destroyed 2 | . 1 . 1 . . Critical Strikes 4 | . 1 . 2 1 . Destroy 4 | . 1 . 2 1 . Melee Attacks . | . . . . . . Impact . | . . . . . . Slashing . | . . . . . . Piercing . | . . . . . . Sneak Attacks . | . . . . . . Combat Hostiles . | . . . . . . Follow-up Attacks . | . . . . . . Damage Inflicted 4080 | 197 1589 205 1307 509 273 Guns 3614 | 197 1515 160 1049 420 273 Cannons 83 | . . . 26 57 . Explosions 232 | . . . 232 . . Melee . | . . . . . . Ramming 151 | . 74 45 . 32 . Kinetic 3872 | 197 1515 160 1307 420 273 Thermal 57 | . . . . 57 . Explosive . | . . . . . . Electromagnetic . | . . . . . . Impact . | . . . . . . Slashing . | . . . . . . Piercing . | . . . . . . Highest Corruption . | . . . . . . Average Corruption . | . . . . . . Corruption Purged . | . . . . . . Corruption Blocked . | . . . . . . Overload Shots . | . . . . . . Overflow Damage 26 | . . . 24 2 . Projectiles 2 | . . . . 2 . Explosions 24 | . . . 24 . . Melee . | . . . . . . Knockbacks . | . . . . . . Impact . | . . . . . . Kinetic . | . . . . . . Secondary . | . . . . . . Self-Inflicted Damage . | . . . . . . Shots . | . . . . . . Rammed 20 | . 10 5 . 5 . Targets Rammed 23 | . 13 5 . 5 . Kicked . | . . . . . . Crushed 3 | . 3 . . . . Highest Temperature 280 | . 63 12 54 230 280 Average Temperature 41 | . 19 7 16 67 90 Received Heat Transfer 550 | . 207 30 105 63 145 Effects 2 | . . . . 1 1 Energy Bleed 2 | . . . . 1 1 Siege Activations . | . . . . . . Robots Corrupted . | . . . . . . Combat Hostiles . | . . . . . . Parts Fried . | . . . . . . Impact Corruptions . | . . . . . . Robots Melted . | . . . . . . Combat Hostiles . | . . . . . . Parts Melted . | . . . . . . Heat Transferred 74 | . . . . 74 . Parts Sabotaged . | . . . . . . Parts Stolen . | . . . . . . Parts Stripped . | . . . . . . Power Chain Reactions . | . . . . . . Alert | -11 -10 -10 -10 -8 -8 ------- Run | Yrd Mat Min Sub Rec Scr Peak Influence 184 | 35 184 53 . 106 . Initial 86 | . 22 43 . 86 . Average 55 | 16 102 18 . 28 . Maximum Alert Level . | . . . . . . Low Security (%) 100 | 100 100 100 . 100 . Level 1 . | . . . . . . Level 2 . | . . . . . . Level 3 . | . . . . . . Level 4 . | . . . . . . Level 5 . | . . . . . . High Security . | . . . . . . Max Security . | . . . . . . Squads Dispatched 7 | . 6 1 . . . Investigation 5 | . 4 1 . . . Extermination . | . . . . . . Reinforcement 2 | . 2 . . . . Assault . | . . . . . . Garrison . | . . . . . . Intercept . | . . . . . . Searches Triggered . | . . . . . . Construction Impeded . | . . . . . . Haulers Reinforced . | . . . . . . Active Scanning Responses . | . . . . . . Cargo Convoy Interrupts . | . . . . . . Stealth | -11 -10 -10 -10 -8 -8 --------- Run | Yrd Mat Min Sub Rec Scr Distress Signals 4 | . 3 . . 1 . Communications Jammed . | . . . . . . Distress Signals . | . . . . . . Times Spotted 58 | . 30 4 19 3 2 Peak Tracking Total 8 | . 3 2 5 1 8 Tactical Retreats 3 | . 1 . 2 . . Traps | -11 -10 -10 -10 -8 -8 ------- Run | Yrd Mat Min Sub Rec Scr Traps Triggered 3 | . 3 . . . . Indirectly . | . . . . . . Trap Hack Attempts . | . . . . . . Triggered . | . . . . . . Disarmed . | . . . . . . Reprogrammed . | . . . . . . Reused . | . . . . . . Traps Extracted . | . . . . . . Installed . | . . . . . . Triggered 1 | . . 1 . . . Most Traps Carried 1 | . . . . . 1 Machines | -11 -10 -10 -10 -8 -8 ---------- Run | Yrd Mat Min Sub Rec Scr Machines Disabled 5 | . . . 3 . 2 Max in Single Turn 3 | . . . 3 . 1 Machines Repaired . | . . . . . . Machines Dismantled . | . . . . . . Machines Sabotaged . | . . . . . . Overloaded Fab Kills . | . . . . . . Hacking | -11 -10 -10 -10 -8 -8 --------- Run | Yrd Mat Min Sub Rec Scr Machines Accessed 24 | . 9 2 . 7 6 Terminals 10 | . 6 . . 4 . Fabricators . | . . . . . . Repair Stations 1 | . 1 . . . . Recycling Units 5 | . 2 . . 3 . Scanalyzers . | . . . . . . Garrison Access . | . . . . . . Total Hacks 85 | . 35 2 . 15 33 Successful 66 | . 24 2 . 7 33 Failed 19 | . 11 . . 8 . Catastrophic 4 | . 4 . . . . Database Lockouts . | . . . . . . Manual 17 | . 15 . . 2 . Terminals 35 | . 23 . . 12 . Fabricators . | . . . . . . Repair Stations 8 | . 8 . . . . Recycling Units 7 | . 4 . . 3 . Scanalyzers . | . . . . . . Garrison Access . | . . . . . . Terminal Hacks 53 | . 14 2 . 4 33 Record 27 | . . . . . 27 Robot Analysis 12 | . 6 . . 1 5 Prototype ID Bank 1 | . . . . 1 . Open Door 2 | . . 2 . . . Emergency Access Points 2 | . 2 . . . . Terminal Index 1 | . 1 . . . . Alert Level 1 | . . . . 1 . Locate Traps 2 | . 2 . . . . Dispatch Records 1 | . 1 . . . . Maintenance Status 1 | . 1 . . . . Hauler Manifests 2 | . 1 . . 1 . Derelict Proto ID Bank 1 | . . . . . 1 Fabricator Hacks . | . . . . . . Repair Station Hacks 8 | . 8 . . . . Scan Component 4 | . 4 . . . . Repair 4 | . 4 . . . . Recycling Unit Hacks 5 | . 2 . . 3 . Report Inventory 5 | . 2 . . 3 . Scanalyzer . | . . . . . . Garrison Access Hacks . | . . . . . . Unauthorized Hacks . | . . . . . . Terminals . | . . . . . . Fabricators . | . . . . . . Repair Stations . | . . . . . . Recycling Units . | . . . . . . Scanalyzers . | . . . . . . Garrison Access . | . . . . . . Data Cores Recovered . | . . . . . . Used . | . . . . . . Hacking Detections 12 | . 7 . . 5 . Full Trace Events 4 | . 4 . . . . Feedback Events . | . . . . . . Feedback Blocked . | . . . . . . Robot Schematics Acquired . | . . . . . . Robots Built . | . . . . . . Authchips . | . . . . . . Time . | . . . . . . Total Robot Build Rating . | . . . . . . Part Schematics Acquired . | . . . . . . Parts Built . | . . . . . . Authchips . | . . . . . . Time . | . . . . . . Total Part Build Rating . | . . . . . . Parts Repaired 4 | . 4 . . . . Time 116 | . 116 . . . . Parts Recycled . | . . . . . . Recycled Matter . | . . . . . . Retrieved Matter . | . . . . . . Retrieved Components . | . . . . . . Parts Scanalyzed . | . . . . . . Part Schematics Acquired . | . . . . . . Parts Damaged . | . . . . . . Bothacking | -11 -10 -10 -10 -8 -8 ------------ Run | Yrd Mat Min Sub Rec Scr Used RIF Installer . | . . . . . . Robots Hacked . | . . . . . . Non-combat . | . . . . . . Combat . | . . . . . . Robot Hacks Applied . | . . . . . . Relay Couplers Released . | . . . . . . Fabnet Peak Effective % . | . . . . . . Robots Rewired . | . . . . . . Allies Hacked . | . . . . . . Hacks Repelled . | . . . . . . Allies | -11 -10 -10 -10 -8 -8 -------- Run | Yrd Mat Min Sub Rec Scr Total Allies . | . . . . . . Largest Group . | . . . . . . Highest-Rated Group . | . . . . . . Highest-Rated Ally . | . . . . . . Total Orders . | . . . . . . Ally Attacks . | . . . . . . Total Damage . | . . . . . . Kills . | . . . . . . Allies Corrupted . | . . . . . . Allies Melted . | . . . . . . Intel | -11 -10 -10 -10 -8 -8 ------- Run | Yrd Mat Min Sub Rec Scr Robot Analysis Total 12 | . 6 . . 1 5 Derelict Logs Recovered 6 | . . 1 2 . 3 Drone Launches . | . . . . . . Drone Recoveries . | . . . . . . Exploration | -11 -10 -10 -10 -8 -8 ------------- Run | Yrd Mat Min Sub Rec Scr Turns Passed 16755 | 184 2745 1946 3751 1679 6450 Spaces Moved 4736 | 89 862 547 990 442 1806 Core 12 | 12 . . . . . Treads 4724 | 77 862 547 990 442 1806 Legs . | . . . . . . Wheels . | . . . . . . Hover . | . . . . . . Flight . | . . . . . . Fastest Speed 50 | 50 160 320 320 360 180 Average Speed 309 | 145 261 320 352 360 301 Slowest Speed 360 | 160 320 320 360 360 360 Overloaded Moves . | . . . . . . Propulsion Burnouts . | . . . . . . Robots Hopped . | . . . . . . Cave-ins Triggered . | . . . . . . Exploration Rate (%) 71 | 5 98 91 70 70 96 Regions Visited 5 Branch Regions 4 Pre-discovered Areas 4 | . . . 2 . 2 Known Exits Taken 3 | . 1 1 . 1 . Unknown Exits Taken 2 | 1 . . 1 . . Scrap Searched 18 | . . 1 11 . 6 Spaces Dug 12 | . . . 5 6 1 Terrain Destroyed 66 | . . . 58 6 2 Melee . | . . . . . . Projectile 14 | . . . 6 6 2 AOE 52 | . . . 52 . . Terrain Rammed . | . . . . . . Walls Destroyed . | . . . . . . Machines Disabled . | . . . . . . Actions | -11 -10 -10 -10 -8 -8 --------- Run | Yrd Mat Min Sub Rec Scr Total 6468 | 120 1212 723 1138 486 2789 Wait 1301 | . 199 148 17 17 920 Move 4731 | 88 861 546 989 441 1806 Hop . | . . . . . . Pick Up 59 | 12 25 6 9 . 7 Fast Attach 16 | . 7 . 4 . 5 Attach 17 | 5 2 1 6 1 2 Detach 5 | . 1 . 2 . 2 Swap 48 | . 15 2 20 2 9 Drop 51 | . 16 7 14 . 14 Fire 216 | 15 73 8 77 20 23 Melee . | . . . . . . Ram . | . . . . . . Kick . | . . . . . . Crush 23 | . 13 5 . 5 . Escape Stasis . | . . . . . . Rewire 1 | . . . . . 1 Trap . | . . . . . . Miscellaneous . | . . . . . . Route ------- -11/Scrapyard -10/Materials (discovered 5 exits: *Mat x3 / *Min / *Sub) -10/Mines -10/Subcaves (discovered 2 exits: [*Mat] / *Rec) -8/Recycling (discovered 2 exits: *Fac / *Scr) -8/Scraptown (discovered 2 exits: *Fac x2) History --------- Turn | Location | Event 34 | -11/Scrapyard | Discovered new exit (range 14) 185 | -11/Scrapyard | Entered Materials 358 | -10/Materials | Build established: Mutant 508 | -10/Materials | Discovered new exit (range 14) 696 | -10/Materials | Discovered new exit (range 3) 1240 | -10/Materials | Discovered new exit (range 10) 1776 | -10/Materials | Repaired Lgt. Treads 1810 | -10/Materials | Repaired Autogun 1837 | -10/Materials | Repaired Lgt. Treads 1871 | -10/Materials | Repaired Autogun 1914 | -10/Materials | Discovered new exit (range 16) 2518 | -10/Materials | Identified exit to Materials 2669 | -10/Materials | Discovered new exit (range 8) 2688 | -10/Materials | Identified exit to Mines 2823 | -10/Materials | Identified exit to Subcaves 2930 | -10/Materials | Entered Mines 2944 | -10/Mines | Met a Derelict who couldn't figure out how to use a Trap Extractor 3333 | -10/Mines | Received a Rocket Launcher from a helpful Derelict 3584 | -10/Mines | Joined a pair of Derelicts in attacking an 0b10 outpost 3818 | -10/Mines | Learned 2 Materials zone layouts 4148 | -10/Mines | Discovered exit to Subcaves (range 8) 4590 | -10/Mines | Met a Derelict shopkeep closing up shop 4876 | -10/Mines | Entered Subcaves 4880 | -10/Subcaves | A Subdweller sparked back to life 4893 | -10/Subcaves | Ambushed by Subdweller buried in earth 4961 | -10/Subcaves | Found Prototype Device 4961 | -10/Subcaves | Identified Power Bank 4963 | -10/Subcaves | Attached Power Bank, gained temporary slots: Power x3 5076 | -10/Subcaves | Shifting Twisted Machinery released Flamer 5127 | -10/Subcaves | Shifting Twisted Machinery released Sub. Laser 5288 | -10/Subcaves | Discovered new exit (range 16) 5440 | -10/Subcaves | Build established: Scavenger-Mutant 5874 | -10/Subcaves | Build established: Mutant 6207 | -10/Subcaves | Learned location of Recycling (-8) 6208 | -10/Subcaves | Learned location of Zion (-7) 6208 | -10/Subcaves | Met a Zionite searching for "candidates" 6916 | -10/Subcaves | Shifting Twisted Machinery released Multitool 6916 | -10/Subcaves | Shifting Twisted Machinery released Sub. Shrapnel Launcher 7145 | -10/Subcaves | Core integrity fell below 50% 7816 | -10/Subcaves | Build established: Derelict-Mutant 7851 | -10/Subcaves | Discovered new exit (range 15) 8253 | -10/Subcaves | A swath of the cavern ceiling suddenly collapsed 8627 | -10/Subcaves | Entered Recycling 9136 | -8/Recycling | Discovered new exit (range 11) 9614 | -8/Recycling | Core integrity fell below 20% 10197 | -8/Recycling | Scanned before Scraplab entrance 10258 | -8/Recycling | Entered Scraplab 10294 | -8/Recycling | Discovered new exit (range 3) 10302 | -8/Recycling | Identified exit to Scraptown 10306 | -8/Recycling | Entered Scraptown 10598 | -8/Scraptown | Build established: Mutant 11208 | -8/Scraptown | Discovered new exit (range 3) 11213 | -8/Scraptown | Identified exit to Factory 11367 | -8/Scraptown | Scanned Subdweller tech in exchange for log data 11377 | -8/Scraptown | Learned location of Warlord (-5) 11380 | -8/Scraptown | Learned Factory emergency access door positions 11457 | -8/Scraptown | Visited Shadow of the Wyrm 11532 | -8/Scraptown | Visited Cave Peace 11612 | -8/Scraptown | Visited Red Mages 11733 | -8/Scraptown | Visited Fellowship of the Rings 12652 | -8/Scraptown | Visited UFD Registry 12699 | -8/Scraptown | Visited Supply Room 12820 | -8/Scraptown | Visited CPS Storage 12913 | -8/Scraptown | Registered with UFD as "Toolwalker" 12999 | -8/Scraptown | Visited DA-N13 Charitable Foundation 13085 | -8/Scraptown | Visited LU-1G1's Boring Crew 13318 | -8/Scraptown | Visited Science Guys 14112 | -8/Scraptown | Visited Junk Repository 14433 | -8/Scraptown | Visited Research Penetration Think Tank 14546 | -8/Scraptown | Visited Analyses Database 14632 | -8/Scraptown | Visited Derelict Rescue Squad 14798 | -8/Scraptown | Discovered exit to Factory (range 3) 15110 | -8/Scraptown | Visited Chapter 10 15217 | -8/Scraptown | Visited Infowarlord's Domain 15241 | -8/Scraptown | Found Exp. Terrain Scanner 15450 | -8/Scraptown | Found DCF Scrap (29 items) 16617 | -8/Scraptown | Attacked by Scraptown defenders 16729 | -8/Scraptown | Found Thermal Lance 16756 | -8/Scraptown | Destroyed by 37-6YS(j) with Overtuned Pulse Rifle Last Messages --------------- 16647_ Dropped Med. Armor Plating. 16648_ Dropped Autogun. 16652_ Acquired Ovr. Barrage Gun. 16657_ Dropped Adv. Treads. 16661_ Dropped Lgt. Treads. 16662_ Dropped Spk. Treads. 16663_ Acquired Lgt. Treads. 16666_ Acquired 70 matter. 16671_ T9-GZ0(c) destroyed. 16684_ Machine disabled. 16694_ Ovr. Treads suddenly begins malfunctioning. 16696_ Overheating: Energy bleed (-53). 16710_ ANNOUNCEMENT: Triborg tracking relay activated. Stay clear or you only have yourself to blame! 16728_ Dropped Phase Cannon. 16729_ Acquired Thermal Lance. 16747_ Critical hit (Burn: +50). 16752_ 37-6YS(j) heat spikes uncontrollably. Map ----- +----------------------------------------------------+ | "" "" ""##???# | | "" "" "## "##??## | | ""# " " ######### #"" "## ""###?#? | | ""# "" "" ""#?#?#??###"" "## " """"##??#? | | ""# "" "" ####????###"" "##########?#?## | | ""# ""##?#?#####"" "##?#?##?####??# | | ""# ##??#?###?#"" "###########??## | | ""###### ################"" "## !#?#?#### | | """""""""""""""""""""""""""" "## =[#?###?## | | """""""""""""""""""""""""""" ####?#?#?## | | "## /#?##??## | | "## !*#??##### | | "## /#??#??## | | ## ########### | | # ![#??####? | | " """"""""""" """"""""""" """""" ## !=!###??##? | | # ########### ########### ###### ########???##?? | | =*!* #?# ## "# ##?##?##?#??#?# | | *[= #?# # # ##" # ######??####?## | | |/!! ### # # ## " ""j ""# ###?#?#####?### | | /[=! #?# # # ## " "" ""# ######?#####??? | | [## =[#?# ####### ## ""# ##??##?###?###? | | *## #?# ##"" """"# ############### | | #######?# # """ # ##"""] """# # ?# | | ????#???# # "#" # ##"" " "# ##? | | ?#?#?#?## # """ # ##"""" @ """# #? | | #???#???# # # ##""" X """# #? ? | | ????##??############"""""" " ; ! #??? | | ????#?###?#??#?##?############;# =%############### | | ################################ ######?##?##?## | | ##"""##"""##"""##"""##"""##"|"# """"#?????####? | | ## ""## ""##" "##"""##""|##" # "" "#?##?#??#?? | | ! "###??####?? | | ! =" "###?###?#?? | | [! """"#####???### | | ##"""##"""##""|##"|"##!! ##" |##=######??####???# | | ##"""##"""##"""##"""##"""##"""####?###??###??#### | | #################################?#?#??####?#?#### | | ????#?#?#?????#??##?###?#??#???###??##???#####???# | | ???????###?????????####??#####?###??#??#?###?#?### | | ??????????#????#????#?#######?#?##?###?##?#?##?### | | #???????????????#??#####?##?##?####??#?#?##?#?#?## | | #?????????#??#?#???????#####?#?###?#?#???######?## | | ????????????????#?????###??##?###?#?#####?#####?#? | | ????#???????????????#?#???####??####??##??######## | | ????#???#????#????????????##??####?###????#??#???# | | ??????????????????????#??#?####?##########?######? | | #???????#???????????????#?######?#?##??##?###??#?# | | ????????#????????????#????##########?#?#?#####?##? | | ?????????#?????????????????#??#?##?#??##?#?###?#?? | +----------------------------------------------------+ Best States ------------- Heat Dissipation 25 Energy Generation 15 Energy Capacity 265 Matter Stores 300 Matter Capacity 300 Sight Range 16 Terrain Scan Range 30 Terrain Scan Density 10 Armor Coverage 225 Evasion (%) 50 Recoil Reduction 2 Item Schematics ----------------- None Robot Schematics ------------------ None Fabricated ------------ Nothing Alien Tech Used ----------------- None Achievements -------------- None Challenges ------------ None Game ------ Seed DamperMinesnifferArchive Manual? 0 Play Time 01:37:37 Cumulative 70.9 hours Start 2024.09.22 @ 12:33:33 End 2024.09.22 @ 16:27:36 Sessions 3 Manual Loads 0 Difficulty Rogue Special Mode None Game No. 46 Rogue 46 Adventurer 0 Explorer 0 Win Type - Total 0 Types 0/0/0/0/0/0/0/0/0 Lore% 32 Gallery% 47 Achievement% 40 Wizard Run 0 Options --------- Layout 1 ASCII 0 Keyboard 0 Movement Numpad Keybinds 0 Fullscreen 1 Font 24/Smallcaps Map View 50x35 Zoom Use 0% Tactical HUD 1 Map Filters NONE Filters NONE Steam 1 RUN: 3118b128-f21f-4fe8-b6a3-b84b5a77872c